 Dungeon Crawl Stone Soup version 0.31-a0-986-g5e6e4ef867 (webtiles) character file.

Game seed: 15042457890862732356

2768 Danienth the Trooper (level 9, -32/62 HPs)
             Began as an Octopode Shapeshifter on Nov 3, 2023.
             Was an Initiate of Gozag.
             Killed from afar by Maggie (39 damage)
             ... with a bolt of fire
             ... on level 8 of the Dungeon on Nov 7, 2023.
             The game lasted 00:22:04 (5963 turns).

Danienth the Trooper (Octopode Shapeshifter)        Turns: 5963, Time: 00:22:04

Health: -32/62     AC:  5    Str: 13    XL:     9   Next: 69%
Magic:  12/12      EV: 14    Int: 12    God:    Gozag
Gold:   554        SH:  9    Dex: 16    Spells: 10/13 levels left

rFire   x .          .
                       - Unarmed
rCold   + . .        r - +0 kite shield
rNeg    . . .        (helmet currently unavailable)
rPois   .            (no amulet)
rElec   .            l - +4 ring of protection
rCorr   .            m - ring of willpower
SInv    .            h - ring of ice
Will    +....        (no ring)
Stlth   ++++         (no ring)
HPRegen 0.30/turn    (no ring)
MPRegen 0.13/turn    (no ring)
                     (no ring)

%: no passive effects
@: about to teleport, beast-form, mesmerised
A: beast (slay +3), almost no armour, amphibious, 8 rings, camouflage 1,
gelatinous body 1, (nimble swimmer 1), tentacles
a: Begin Untransformation, Renounce Religion, Potion Petition, Call Merchant,
Bribe Branch


You were on level 8 of the Dungeon.
You worshipped Gozag.
Gozag was pleased with you.
You were a hulking beast.
You visited 2 branches of the dungeon, and saw 9 of its levels.

You collected 657 gold pieces.
You paid 103 gold pieces to Gozag.

Inventory:

Hand Weapons
 i - a +0 shortbow
Missiles
 e - 5 poisoned darts (quivered)
 o - 3 boomerangs
Armour
 r - a +0 kite shield (worn)
 s - a +0 buckler
Jewellery
 h - a ring of ice (on tentacle)
 l - a +4 ring of protection (left tentacle)
 m - a ring of willpower (right tentacle)
Talismans
 b - a beast talisman
 c - a flux talisman
Scrolls
 g - a scroll of vulnerability
 j - 4 scrolls of enchant armour
 n - a scroll of revelation {unknown}
 p - a scroll of poison {unknown}
 y - a scroll of blinking {unknown}
 z - a scroll of amnesia {unknown}
Potions
 a - 2 potions of lignification
 d - a potion of heal wounds
 q - a potion of mutation {unknown}
 w - a potion of cancellation {unknown}
 x - a potion of brilliance {unknown}


   Skills:
 * Level 6.2 Fighting
 * Level 5.7 Dodging
 + Level 5.6 Stealth
 + Level 2.8 Shields
 * Level 5.8 Unarmed Combat
 + Level 2.5 Spellcasting
 + Level 2.9 Necromancy
 * Level 5.6 Shapeshifting


You had 10 spell levels left.
You knew the following spells:

 Your Spells              Type           Power      Damage    Failure   Level
a - Vampiric Draining     Necr           8%         2d6       63%         3

Your spell library contained the following spells:

 Spells                   Type           Power      Damage    Failure   Level
 Necrotise                Necr           32%        1d5       28%         1
 Scorch                   Fire           2%         2d5       80%         2
 Flame Wave               Conj/Fire      1%         2d4       100%        4
 Agony                    Necr           8%         N/A       100%        5
 Summon Cactus Giant      Summ           0%         N/A       100%        6


Dungeon Overview and Level Annotations

Branches:
Dungeon (9/15)             Temple (1/1) D:5
   Lair: D:8-11         Orc: D:9-12

Altars:
Ashenzari
Cheibriados
Dithmenos
Fedhas
Gozag
Hepliaklqana
Kikubaaqudgha
Makhleb
Ru
Sif Muna
Trog
Uskayaw
Xom
Yredelemnul
Zin
The Shining One

Annotations:
D:3 4 runed translucent doors, Crazy Yiuf; DoNotCum's ghost, amateur DECj
D:8 Maggie


Innate Abilities, Weirdness & Mutations

You are a hulking beast.
Your limbs bulge with bestial killing power. (Slay +3)
You cannot wear most types of armour.
You are amphibious.
You can wear up to eight rings at the same time.
Your skin changes colour to match your surroundings (Stealth+).
Your rubbery body absorbs attacks. (AC +1, EV +1)
((You are camouflaged when in or above water. (Stealth+)))
You have tentacles for arms and can constrict up to eight enemies at once.


Message History

You are too injured to fight recklessly!
As you read the scroll labelled XIHAITAETZY, it crumbles to dust.
The creatures around you are filled with an inner flame!
It was a scroll of immolation.
You see here a +0 mace.
Throw: 9 darts (poison)
Press: ? - help, Q - select action, (/) - cycle Shift-Dir - straight line, f - Maggie
Aim: Maggie, wielding a +2 war axe of distortion and wearing +0 swamp dragon scales (wandering, inner flame, hasn't noticed you, 68% to hit)
You throw a poisoned dart. The poisoned dart hits Maggie.
Maggie is poisoned.
Throw: 8 darts (poison)
Press: ? - help, Q - select action, (/) - cycle Shift-Dir - straight line, f/p - Maggie
Aim: Maggie, wielding a +2 war axe of distortion and wearing +0 swamp dragon scales (inner flame, poisoned, 68% to hit)
You throw a poisoned dart. The poisoned dart barely misses Maggie.
Throw: 7 darts (poison)
Press: ? - help, Q - select action, (/) - cycle Shift-Dir - straight line, f/p - Maggie
Aim: Maggie, wielding a +2 war axe of distortion and wearing +0 swamp dragon scales (inner flame, poisoned, 69% to hit)
You throw a poisoned dart. The poisoned dart barely misses Maggie.
Throw: 6 darts (poison)
Press: ? - help, Q - select action, (/) - cycle Shift-Dir - straight line, f/p - Maggie
Aim: Maggie, wielding a +2 war axe of distortion and wearing +0 swamp dragon scales (inner flame, poisoned, 69% to hit)
You throw a poisoned dart. The poisoned dart hits Maggie.
Flame seeps out of Maggie.
Maggie is engulfed in blazing flames.
Flame seeps out of Maggie.
Flame seeps out of Maggie.
Maggie is engulfed in blazing flames.
Flame seeps out of Maggie.
Maggie looks more healthy.
Maggie points at you and mumbles some strange words.
The bolt of fire hits you!! The fire burns you terribly!
* * * LOW HITPOINT WARNING * * *
As you read the scroll of teleportation, it crumbles to dust.
You feel strangely unstable.
Maggie gestures wildly while chanting.
Maggie attempts to bespell you!
You are mesmerised by Maggie!
You cannot move away from Maggie!
Maggie gestures at you while chanting. The bolt of fire hits you!!!
The fire burns you terribly!
Ouch! That really hurt!
You die...
Your body crumbles into a pile of gold.

... ##.<###..##.# ...#
#...####..#.#### #..## #.#..#
#.......#
#.(.####.##.####.#.##.###
..#((...##.##..# #.#.##...######
#..(.(..##.###.# #.#.####......#
#........#.###.#..# #.......
##)###.#.§§#......##........
#.(##.#§§§h.#....##........
##..#.#§§§...##............ ##
##...§@...................
..########.......................
o...........###..................
o........#.## ######.....#.......
#$......##.# .... .....#
#.......##.# #.. #####
#...#..###.# #.


You could see Maggie (mesmerising, inner flame).

Vanquished Creatures
  Sigmund (D:3)
  6 yaks (D:8)
  An ice beast (D:4)
  A black bear (D:5)
  An ogre (D:4)
  2 centaurs
  2 phantoms (D:5)
  A bullfrog (D:8)
  4 scorpions
  4 killer bees (D:8)
  A howler monkey (D:6)
  A centaur zombie (D:3)
  A gnoll bouda (D:4)
  A jelly (D:5)
  2 orc priests
  A hound (D:6)
  2 iguanas
  An orc wizard (D:5)
  Natasha (twice) (D:3)
  A hound zombie (D:3)
  12 adders
  6 gnolls
  A shadow imp (D:6)
  2 white imps
  A worm (D:3)
  7 dart slugs
  11 orcs
  13 endoplasms
  6 giant cockroaches
  7 goblins
  4 hobgoblins
  7 jackals (D:2)
  3 kobolds
  8 quokkas
  9 ball pythons
  8 bats
  5 frilled lizards
  7 rats
153 creatures vanquished.

Vanquished Creatures (others)
  An angel (D:8)
1 creature vanquished.

Grand Total: 154 creatures vanquished

Notes
Turn   | Place    | Note
-------+----------+-------------------------------------------
     0 | D:1      | Danienth the Octopode Shapeshifter began the quest for the
                  | Orb.
     0 | D:1      | Reached XP level 1. HP: 13/13 MP: 1/1
   163 | D:1      | Reached XP level 2. HP: 14/18 MP: 2/2
   451 | D:1      | Reached XP level 3. HP: 20/23 MP: 3/3
  1007 | D:2      | Reached skill level 2 in Fighting
  1007 | D:2      | Reached XP level 4. HP: 29/29 MP: 4/4
  1150 | D:2      | Learned a level 3 spell: Vampiric Draining
  1648 | D:3      | Noticed Natasha
  1655 | D:3      | Killed Natasha
  1656 | D:3      | Reached XP level 5. HP: 22/35 MP: 5/5
  1753 | D:3      | Noticed Natasha
  1756 | D:3      | Killed Natasha
  1757 | D:3      | Reached skill level 1 in Stealth
  1880 | D:3      | Found a runed translucent door.
  1881 | D:3      | Noticed Crazy Yiuf
  2120 | D:3      | Found an ancient bone altar of Kikubaaqudgha.
  2142 | D:3      | Noticed Sigmund
  2149 | D:3      | Killed Sigmund
  2150 | D:3      | Reached skill level 3 in Fighting
  2150 | D:3      | Reached XP level 6. HP: 37/42 MP: 6/6
  2211 | D:3      | Found a runed translucent gate.
  2211 | D:3      | Found a runed translucent gate.
  2211 | D:3      | Found a runed translucent gate.
  2211 | D:3      | Noticed DoNotCum's ghost (amateur DECj)
  2213 | D:3      | Found a basalt altar of Yredelemnul.
  2455 | D:4      | Reached XP level 7. HP: 44/46 MP: 7/7
  2462 | D:4      | Found a blossoming altar of Fedhas.
  2620 | D:4      | Reached skill level 5 in Unarmed Combat
  2752 | D:4      | Reached skill level 4 in Fighting
  3057 | D:4      | Found a hide-covered altar of Uskayaw.
  3773 | D:5      | Entered Level 5 of the Dungeon
  3780 | D:5      | Reached skill level 5 in Shapeshifting
  3780 | D:5      | Reached XP level 8. HP: 54/54 MP: 8/8
  3882 | D:5      | Reached skill level 1 in Shields
  3882 | D:5      | Reached skill level 1 in Spellcasting
  3882 | D:5      | Reached skill level 1 in Necromancy
  3930 | D:5      | Found a staircase to the Ecumenical Temple.
  4078 | D:5      | Reached skill level 5 in Fighting
  4114 | Temple   | Entered the Ecumenical Temple
  4138 | Temple   | Became a worshipper of Gozag Ym Sagoz the Greedy
  4751 | D:6      | Found a bloodstained altar of Trog.
  4839 | D:6      | Reached skill level 5 in Dodging
  5101 | D:6      | You fall into a shaft and drop 3 floors!
  5105 | D:9      | Noticed a gargoyle
  5111 | D:8      | Noticed a yak
  5111 | D:8      | Noticed a yak
  5120 | D:8      | Noticed a yak
  5121 | D:8      | Noticed a yak
  5121 | D:8      | Noticed a yak
  5122 | D:8      | Noticed a yak
  5131 | D:8      | Killed a yak
  5132 | D:8      | Reached XP level 9. HP: 61/61 MP: 11/11
  5151 | D:8      | Reached skill level 5 in Stealth
  5169 | D:8      | Reached skill level 6 in Fighting
  5544 | D:8      | Killed an angel
  5825 | D:8      | Found a shadowy altar of Dithmenos.
  5848 | D:8      | Found a glowing silver altar of Zin.
  5849 | D:8      | Found a shimmering altar of Xom.
  5939 | D:8      | Noticed Maggie
  5963 | D:8      | Killed from afar by Maggie

Illustrated notes

Levels and vault maps discovered:
D:1:      minmay_arrival_four_houses, layout_loops_ring
D:2:      minmay_evil_eye, layout_basic
D:3:      kennysheep_six_static_rooms, layout_basic,
          nicolae_yredelemnul_ghost_church, nicolae_kikubaaqudgha_miasma_corner,
          grunt_ministairs_9, uniq_crazy_yiuf_cottage, uniq_natasha,
          uniq_sigmund
D:4:      layout_basic, amcnicky_altar_gilded, mainiacjoe_overflow_brackets,
          corexii_corridor_pit
D:5:      layout_cave_pods, minmay_temple_entry_drinking_statues
D:6:      layout_gridville, overflow_temple_1_default,
          nicolae_overflow_crystal_walls
D:8:      layout_rooms, grunt_temple_overflow_order_and_chaos_1,
          okawaru_altar_gauntlet_db, nemelex_diamond_rough_becter,
          grunt_dithmenos_smoke, kennysheep_generic_room_4, uniq_maggie
D:9:      layout_loops_cross, elyvilon_altar_5, lemuel_crystal_altar,
          nicolae_qazlal_eye_of_the_storm, uniq_jeremiah
Temple:   hellmonk_temple_flake

Skill      XL: |  1  2  3  4  5  6  7  8  9 |
---------------+----------------------------+-----
Fighting       | 2 3 4 5 6 |  6.2
Stealth        | 2 3 4 5 |  5.6
Unarmed Combat | 4 5 |  5.8
Dodging        | 3 5 |  5.7
Shapeshifting  | 4 5 |  5.6
Shields        | 2 |  2.8
Spellcasting   | 1 2 |  2.5
Necromancy     | 2 |  2.9

Action                     |  1- 3 |  4- 6 |  7- 9 || total
---------------------------+-------+-------+-------++-------
  Melee: Unarmed           |    68 |    91 |   209 ||   368
         Constrict         |    16 |    23 |    36 ||    75
         Tentacles         |     8 |    14 |    39 ||    61
         Punch             |       |     6 |    11 ||    17
  Throw: Dart              |       |       |     7 ||     7
  Evoke: Wand              |       |       |     7 ||     7
    Use: Scroll            |       |     3 |     8 ||    11
         Potion            |       |       |     6 ||     6
   Stab: Sleeping          |     8 |    11 |    11 ||    30
         Distracted        |       |       |     1 ||     1
 Armour: Skin              |    19 |    39 |   221 ||   279
  Dodge: Dodged            |    26 |    64 |   116 ||   206
  Block: Buckler           |       |       |    37 ||    37

Table legend: (Time is in decaauts)
 A = Elapsed time spent in this place.
 B = Non-inter-level travel time spent in this place.
 C = Inter-level travel time spent in this place.
 D = Time resting spent in this place.
 E = Time spent auto-exploring this place.
 F = Levels seen in this place.
 G = Mean time per level.
                   A        B        C        D        E       F      G
               +--------+--------+--------+--------+--------+-----+--------+
         Total |   5922 |   5674 |    248 |    770 |   3903 |   9 |  658.0 |
       Dungeon |   5887 |   5657 |    230 |    770 |   3889 |   8 |  735.9 |
        Temple |     34 |     16 |     18 |      0 |     14 |   1 |   34.0 |
               +--------+--------+--------+--------+--------+-----+--------+

Top non-repeatable levels by time:
     D:4: 1359 daAuts
     D:5: 911 daAuts
     D:3: 871 daAuts
     D:2: 839 daAuts
     D:8: 834 daAuts
     D:1: 684 daAuts
     D:6: 376 daAuts
  Temple: 34 daAuts
     D:9: 9 daAuts
